 Dungeon Crawl Stone Soup version 0.22-a0-512-g0943f25 (webtiles) character file.

186112 kae the Fencer (level 17, -6/156 HPs)
             Began as a Minotaur Fighter on June 18, 2018.
             Was the Champion of Makhleb.
             Mangled by a tentacled monstrosity (8 damage)
             ... on level 3 of the Swamp.
             The game lasted 00:55:59 (43610 turns).

kae the Fencer (Minotaur Fighter)                  Turns: 43610, Time: 00:56:00

Health: -6/156     AC: 18    Str: 28 (30) XL:     17   Next: 42%
Magic:  25/25      EV:  7    Int:  6 (7)  God:    Makhleb [******]
Gold:   2208       SH:  9    Dex:  3 (10) Spells: 16/16 levels left

rFire    x . .     SeeInvis .   a - +5 long sword (freeze)
rCold    + + .     Gourm    .   c - +0 shield
rNeg     . . .     Faith    .   P - +0 ice dragon scales
rPois    +         Spirit   .   (helmet restricted)
rElec    .         Reflect  .   (no cloak)
rCorr    .         Harm     .   U - +0 pair of gloves
MR       +....                  e - +0 pair of boots
Stlth    ..........             S - amulet of regeneration
HPRegen  0.76/turn              R - ring of poison resistance
MPRegen  0.19/turn              t - +4 ring of strength

@: constricted, very slow
A: retaliatory headbutt, horns 2
}: 1/15 runes: gossamer
a: Minor Destruction, Lesser Servant of Makhleb, Major Destruction, Greater
Servant of Makhleb, Renounce Religion


You were on level 3 of the Swamp.
You worshipped Makhleb.
Makhleb was exalted by your worship.
You were very hungry.

You visited 6 branches of the dungeon, and saw 31 of its levels.

You collected 2548 gold pieces.
You spent 340 gold pieces at shops.

Inventory:

Hand Weapons
 a - a +5 long sword of freezing (weapon)
 b - a +0 scimitar of flaming
 E - a +0 great sword
 G - a +1 long sword
Armour
 c - a +0 shield (worn)
 d - a +0 pair of gloves
 e - a +0 pair of boots (worn)
 q - a +1 scale mail
 P - +0 ice dragon scales (worn)
 U - a +0 pair of gloves (worn)
Jewellery
 t - a +4 ring of strength (right hand)
 A - a +3 ring of dexterity
 K - a +4 ring of evasion
 Q - an uncursed ring of protection from fire
 R - a ring of poison resistance (left hand)
 S - an amulet of regeneration (around neck)
 T - an uncursed ring of positive energy
Wands
 w - a wand of disintegration (41)
 x - a wand of random effects (35)
 z - a wand of polymorph (26)
 C - a wand of flame (81)
 F - a wand of acid (7)
 I - a wand of enslavement (13)
 M - a wand of digging (16)
 N - a wand of paralysis (10)
 O - a wand of iceblast (10)
Scrolls
 h - 6 scrolls of enchant armour
 m - a scroll of amnesia
 n - a scroll of summoning
 s - 3 scrolls of remove curse
 B - 6 scrolls of identify
 D - a scroll of blinking
 H - a scroll of fear
 J - 3 scrolls of fog
 W - 3 scrolls of teleportation
 Y - a scroll of magic mapping
Potions
 g - a potion of flight
 i - 3 potions of agility
 j - 6 potions of curing
 k - 2 potions of resistance
 l - a potion of magic
 o - a potion of invisibility
 p - 4 potions of haste
 r - 3 potions of brilliance
 u - 4 potions of cancellation
 L - 5 potions of ambrosia
 X - a potion of lignification
 Z - a potion of heal wounds
Comestibles
 f - 54 rations


   Skills:
 + Level 15.1 Fighting
 * Level 19.8 Long Blades
 + Level 14.9 Armour
 + Level 13.6 Dodging
 - Level 3.6 Shields
 + Level 12.0 Invocations
 + Level 9.6 Evocations


You had 16 spell levels left.
You didn't know any spells.
Your spell library contained the following spells:

 Spells                   Type           Power        Failure   Level  Hunger
 Cause Fear               Hex            #.........   100%        4    #####..
 Magic Dart               Conj           #...         99%         1    ##.....
 Fireball                 Conj/Fire      #.........   100%        5    ######.
 Conjure Flame            Conj/Fire      #.......     100%        3    ####...
 Lightning Bolt           Conj/Air       #.........   100%        5    ######.
 Slow                     Hex            #.......     100%        2    ###....
 Throw Flame              Conj/Fire      #.....       100%        2    ###....
 Throw Frost              Conj/Ice       #.....       100%        2    ###....
 Summon Small Mammal      Summ           #...         99%         1    ##.....
 Iskenderun's Mystic Bla  Conj           #.......     100%        4    #####..
 Sticky Flame             Conj/Fire      #.......     100%        4    #####..
 Summon Ice Beast         Ice/Summ       #.......     100%        4    #####..
 Call Imp                 Summ           #.......     100%        2    ###....
 Spider Form              Tmut/Pois      #.........   100%        3    ####...
 Blade Hands              Tmut           #.........   100%        5    ######.
 Ice Form                 Ice/Tmut       #.......     100%        4    #####..
 Flame Tongue             Conj/Fire      #....        99%         1    ##.....
 Sticks to Snakes         Tmut           #.......     100%        2    ###....
 Call Canine Familiar     Summ           #.......     100%        3    ####...
 Corona                   Hex            #......      99%         1    ##.....
 Portal Projectile        Hex/Tloc       #.....       100%        3    ####...
 Leda's Liquefaction      Hex/Erth       #.........   100%        4    #####..
 Inner Flame              Hex/Fire       #.......     100%        3    ####...
 Beastly Appendage        Tmut           #.....       99%         1    ##.....
 Fulminant Prism          Conj/Hex       #.........   100%        4    #####..
 Dazzling Spray           Conj/Hex       #.....       100%        3    ####...
 Force Lance              Conj/Tloc      #.......     100%        4    #####..
 Spectral Weapon          Hex/Chrm       #.......     100%        3    ####...
 Searing Ray              Conj           #.....       100%        2    ###....
 Summon Lightning Spire   Summ/Air       #.......     100%        4    #####..
 Summon Guardian Golem    Hex/Summ       #.......     100%        3    ####...


Dungeon Overview and Level Annotations

Branches:
Dungeon (15/15)            Temple (1/1) D:5            Lair (6/6) D:11
  Swamp (3/4) Lair:4       Spider (4/4) Lair:3        Slime (0/5) Lair:6
    Orc (2/2) D:10            Elf (0/3) Orc:2        Vaults (0/5) D:14
 Depths (0/5) D:15

Altars:
Ashenzari
Cheibriados
Dithmenos
Elyvilon
Fedhas
Gozag
Hepliaklqana
Kikubaaqudgha
Makhleb
Nemelex Xobeh
Okawaru
Qazlal
Ru
Sif Muna
Trog
Uskayaw
Vehumet
Wu Jian
Xom
Yredelemnul
Zin
The Shining One
Beogh

Shops:
D:7 =   D:10 [   D:15 *   Orc:2 :

Annotations:
D:3 3 runed doors, Jielit's ghost, amateur GnWn
Lair:5 exclusion: 2 oklob plants
Swamp:2 2 transporters, kae's ghost, adept MiFi
Orc:2 Saint Roka


Innate Abilities, Weirdness & Mutations

You reflexively headbutt those who attack you in melee.
You have a pair of horns on your head.


Message History

* * * LOW HITPOINT WARNING * * *
The tentacled monstrosity tentacle-slaps you but does no damage.
* * * LOW HITPOINT WARNING * * *
The tentacled monstrosity constricts you.
Your unstable footing causes you to fumble your attack.
The tentacled monstrosity tentacle-slaps you!
* * * LOW HITPOINT WARNING * * *
The tentacled monstrosity tentacle-slaps you.
* * * LOW HITPOINT WARNING * * *
The tentacled monstrosity tentacle-slaps you but does no damage.
* * * LOW HITPOINT WARNING * * *
The tentacled monstrosity constricts you!
Your unstable footing causes you to fumble your attack.
You hit the tentacled monstrosity.
The tentacled monstrosity is severely wounded.
You block the tentacled monstrosity's attack.
The tentacled monstrosity tentacle-slaps you!
* * * LOW HITPOINT WARNING * * *
You block the tentacled monstrosity's attack.
You die...

♣♣♣♣.♣♣ ♣ ♣♣≈....♣ ♣♣
♣♣.≈≈≈..♣♣♣.
♣♣.≈≈≈≈≈.≈♣.≈
♣≈.≈≈≈≈≈...≈≈
♣..≈≈≈≈...≈≈≈ ♣♣♣♣♣
♣♣§≈..≈.≈.≈≈≈ ♣♣♣≈≈§♣♣
♣≈...≈≈≈.≈.≈ ♣♣.≈≈@≈≈♣
♣≈≈≈....≈♣≈≈ ♣≈≈.##X##
♣♣≈≈....♣♣♣≈
♣♣≈##...## ♣♣≈≈≈≈.♣≈≈≈
♣≈.#$...$# ♣≈..≈≈≈....
♣≈≈#(....# ♣♣.≈≈≈.=.≈≈
♣§≈##.%.##♣♣♣..♣..≈≈§≈
♣♣≈≈#####.≈....§.≈≈.≈≈
♣≈≈≈≈≈≈≈≈......≈≈..≈≈
♣♣≈≈.≈♣≈♣♣♣♣..≈≈≈..≈≈


You could see a tentacled monstrosity.

Vanquished Creatures
  Gastronok (D:9)
  5 emperor scorpions
  3 orc warlords
  4 ghost moths
  An entropy weaver (Spider:1)
  A dire elephant (Lair:6)
  2 fire dragons
  An ice dragon (D:15)
  2 rakshasas (D:15)
  9 hydras
  2 catoblepae (Lair:6)
  2 centaur warriors
  An ogre mage (D:14)
  Erica (D:9)
  3 two-headed ogres
  8 alligators
  6 death yaks (Lair:4)
  An orc high priest (Orc:2)
  Sonja (D:15)
  2 skeletal warriors (D:15)
  Nergalle (Lair:3)
  An unseen horror (D:12)
  A spriggan druid (Lair:4)
  6 swamp dragons
  3 wizards (D:14)
  2 lindwurms (Lair:6)
  A shambling mangrove (Swamp:1)
  A deep elf archer (D:14)
  A phantasmal warrior (D:13)
  3 orc knights
  21 wolf spiders
  12 orb spiders
  5 cyclopes
  3 deep elf magi (D:14)
  2 manticores
  5 orc sorcerers
  15 ugly things
  7 black mambas
  7 elephants
  5 centaur skeletons
  2 gargoyles
  2 torpor snails
  13 spiny frogs
  7 rime drakes
  13 komodo dragons
  2 kobold demonologists (D:14)
  13 demonic crawlers
  2 efreet (D:14)
  5 trolls
  3 meliai (D:15)
  11 blink frogs
  A hornet (shapeshifter) (D:13)
  2 tyrant leeches
  16 slime creatures
  30 jumping spiders
  9 hornets
  17 hippogriffs
  Prince Ribbit (D:5)
  6 dream sheep (Lair:4)
  5 bog bodies
  65 redbacks
  A shadow (Swamp:1)
  21 tarantellas
  57 yaks
  A vampire (D:13)
  A centaur simulacrum (D:15)
  A spriggan (D:10)
  8 wyverns (Lair:5)
  5 wraiths
  7 basilisks
  7 hogs (D:15)
  3 hungry ghosts
  2 steam dragons
  8 vampire mosquitoes
  Menkaure (D:5)
  8 insubstantial wisps (Swamp:1)
  4 acid dragons (Lair:6)
  11 swamp worms
  18 water moccasins
  11 porcupines
  A hell hound (Lair:5)
  4 wargs
  36 orc warriors
  8 ice beasts
  4 swamp drakes
  An eye of draining (D:14)
  4 phantoms
  3 black bears
  2 sky beasts
  11 ogres
  4 wolves (D:11)
  2 necrophages
  A boggart (D:14)
  15 centaurs
  8 big kobolds
  13 crocodiles
  21 bullfrogs
  A gnoll sergeant (Orc:2)
  2 water moccasin zombies
  6 scorpions
  8 wights
  16 killer bees
  5 electric eels
  2 howler monkeys (D:12)
  3 centaur zombies
  6 crimson imps
  A quasit (D:6)
  23 orc priests
  7 jellies
  4 bullfrog skeletons
  A gnoll shaman (D:10)
  7 hounds
  3 iguanas
  25 orc wizards
  2 hell rats
  7 worker ants
  A hound skeleton (D:6)
  9 adders
  9 gnolls
  11 river rats
  3 shadow imps
  An ooze (D:2)
  2 adder skeletons
  2 adder zombies
  5 worms
  A dart slug (D:1)
  2 leopard geckos
  90 orcs
  10 bats
  7 giant cockroaches
  7 goblins
  5 hobgoblins
  28 jackals
  3 quokkas
  A ball python (D:4)
  4 frilled lizards
  25 kobolds
  5 rats
  A spectral orc (D:3)
  2 plants
1059 creatures vanquished.

Vanquished Creatures (collateral kills)
  Kirke (D:15)
  3 emperor scorpions
  A hydra (Lair:5)
  A catoblepas (Lair:4)
  A death knight (D:14)
  A skeletal warrior (D:15)
  An orc knight (Orc:2)
  2 manticores (Lair:6)
  3 elephants (Lair:5)
  A black mamba (Lair:4)
  A rime drake (Lair:6)
  A demonic crawler (Spider:4)
  A jumping spider (Spider:4)
  A basilisk (Lair:6)
  A water moccasin (Lair:4)
  3 orc warriors
  2 crocodiles (Lair:6)
  3 killer bees (D:10)
  2 orc priests (Orc:2)
30 creatures vanquished.

Vanquished Creatures (others)
  An orc wizard (D:6)
  A hell rat (Lair:6)
  2 bushes (Lair:5)
  A butterfly (Lair:6)
  19 fungi
  21 plants
45 creatures vanquished.

Grand Total: 1134 creatures vanquished

Notes
Turn   | Place    | Note
-------+----------+-------------------------------------------
     0 | D:1      | kae the Minotaur Fighter began the quest for the Orb.
     0 | D:1      | Reached XP level 1. HP: 19/19 MP: 0/0
   184 | D:1      | Reached XP level 2. HP: 27/27 MP: 1/1
   250 | D:1      | Reached skill level 3 in Long Blades
   474 | D:1      | Reached skill level 1 in Dodging
   704 | D:1      | Reached XP level 3. HP: 33/33 MP: 2/2
   715 | D:1      | You fall through a shaft!
  1026 | D:2      | Reached XP level 4. HP: 40/40 MP: 3/3
  1203 | D:2      | Found a stormy altar of Qazlal.
  1405 | D:2      | Reached skill level 4 in Long Blades
  1662 | D:3      | Reached XP level 5. HP: 42/47 MP: 4/4
  1940 | D:3      | Found a runed gate.
  1941 | D:3      | Found a runed gate.
  1942 | D:3      | Found a runed gate.
  1948 | D:3      | Noticed Jielit's ghost (amateur GnWn)
  2011 | D:3      | Found a basalt altar of Yredelemnul.
  2055 | D:3      | Found a shadowy altar of Dithmenos.
  2056 | D:3      | Found an iron altar of Okawaru.
  2284 | D:4      | Noticed an ogre
  2292 | D:4      | Killed an ogre
  2292 | D:4      | Reached skill level 5 in Long Blades
  2292 | D:4      | Reached skill level 5 in Armour
  2292 | D:4      | Reached XP level 6. HP: 55/55 MP: 5/5
  2332 | D:4      | Reached skill level 5 in Fighting
  3167 | D:5      | Entered Level 5 of the Dungeon
  3176 | D:5      | Found a snail-covered altar of Cheibriados.
  3242 | D:5      | Noticed Menkaure
  3251 | D:5      | Killed Menkaure
  3251 | D:5      | Reached skill level 6 in Long Blades
  3251 | D:5      | Reached XP level 7. HP: 42/61 MP: 6/6
  3305 | D:5      | Found a staircase to the Ecumenical Temple.
  3326 | Temple   | Entered the Ecumenical Temple
  3511 | Temple   | Became a worshipper of Makhleb the Destroyer
  3797 | D:5      | Noticed Prince Ribbit
  3803 | D:5      | Killed Prince Ribbit
  3803 | D:5      | Reached skill level 7 in Long Blades
  3803 | D:5      | Reached XP level 8. HP: 70/70 MP: 7/7
  3818 | D:5      | Found a blossoming altar of Fedhas.
  4258 | D:6      | Reached skill level 8 in Long Blades
  4274 | D:6      | Found a white marble altar of Elyvilon.
  4680 | D:6      | Reached skill level 5 in Dodging
  4683 | D:6      | Reached skill level 1 in Invocations
  5151 | D:7      | Found Qiusus's Jewellery Shop.
  5468 | D:7      | Reached * piety under Makhleb
  5772 | D:6      | Reached skill level 9 in Long Blades
  6443 | D:6      | Reached XP level 9. HP: 79/79 MP: 9/9
  8149 | D:8      | Reached skill level 10 in Long Blades
  8318 | D:8      | Reached ** piety under Makhleb
  8559 | D:8      | Found a flagged portal.
  8918 | D:9      | Noticed Gastronok
  9008 | D:9      | Reached XP level 10. HP: 88/88 MP: 11/11
  9315 | D:9      | Noticed Erica
  9330 | D:9      | Reached skill level 11 in Long Blades
  9748 | D:9      | Found a deep blue altar of Sif Muna.
  9949 | D:9      | Killed Gastronok
  9949 | D:9      | Reached skill level 5 in Invocations
 10109 | D:9      | Killed Erica
 10109 | D:9      | Reached skill level 12 in Long Blades
 10170 | D:9      | Found a radiant altar of Vehumet.
 10265 | D:9      | Reached XP level 11. HP: 91/97 MP: 14/14
 10622 | D:9      | Reached *** piety under Makhleb
 10912 | D:10     | Entered Level 10 of the Dungeon
 11406 | D:10     | Noticed a two-headed ogre
 11410 | D:10     | Killed a two-headed ogre
 11594 | D:10     | Found a staircase to the Orcish Mines.
 12088 | D:10     | Reached skill level 10 in Fighting
 12111 | D:10     | Reached skill level 1 in Evocations
 12264 | D:10     | Found Feneil's Antique Armour Boutique.
 12271 | D:10     | Reached **** piety under Makhleb
 12418 | D:10     | Reached skill level 13 in Long Blades
 12637 | D:11     | Reached skill level 10 in Armour
 12760 | D:11     | Noticed a five-headed hydra
 12813 | D:11     | Killed a six-headed hydra
 12818 | D:11     | Reached XP level 12. HP: 55/107 MP: 14/16
 13140 | D:11     | Reached ***** piety under Makhleb
 13494 | D:11     | Found a staircase to the Lair.
 13954 | Lair:1   | Entered Level 1 of the Lair of Beasts
 15321 | Lair:2   | Noticed a four-headed hydra
 15712 | Lair:2   | Reached skill level 14 in Long Blades
 16337 | Lair:3   | Noticed Nergalle
 16358 | Lair:3   | Killed Nergalle
 16437 | Lair:3   | Found a hole to the Spider Nest.
 16648 | Lair:3   | Noticed a four-headed hydra
 16656 | Lair:3   | Killed a four-headed hydra
 17570 | Lair:4   | Noticed a death yak
 17570 | Lair:4   | Noticed a death yak
 17572 | Lair:4   | Noticed a death yak
 17575 | Lair:4   | Noticed a death yak
 17576 | Lair:4   | Noticed a death yak
 17582 | Lair:4   | Noticed a death yak
 17586 | Lair:4   | Killed a death yak
 17602 | Lair:4   | Killed a death yak
 17613 | Lair:4   | Killed a death yak
 17613 | Lair:4   | Reached XP level 13. HP: 54/116 MP: 17/17
 17772 | Lair:4   | Reached skill level 10 in Dodging
 17810 | Lair:4   | Reached skill level 15 in Long Blades
 18011 | Lair:4   | Identified the Compendium of the Harmful Oath
 18487 | Lair:4   | Found a staircase to the Swamp.
 18520 | Lair:4   | Reached skill level 5 in Evocations
 20288 | Lair:6   | Entered Level 6 of the Lair of Beasts
 20315 | Lair:6   | Reached skill level 16 in Long Blades
 20315 | Lair:6   | Reached XP level 14. HP: 92/126 MP: 19/19
 20822 | Lair:6   | Found a frozen archway.
 21935 | Lair:6   | Found a staircase to the Slime Pits.
 24255 | D:12     | Reached ****** piety under Makhleb
 25015 | Orc:1    | Entered Level 1 of the Orcish Mines
 25518 | Orc:2    | Entered Level 2 of the Orcish Mines
 25909 | Orc:2    | Noticed Saint Roka
 26079 | Orc:2    | Noticed an orc warlord
 26471 | Orc:1    | Killed an orc warlord
 26730 | Orc:2    | Reached skill level 17 in Long Blades
 26778 | Orc:2    | Paralysed by an orc sorcerer for 2 turns
 27250 | Orc:2    | Noticed an orc warlord
 27274 | Orc:2    | Killed an orc warlord
 27601 | Orc:2    | Found a roughly hewn altar of Beogh.
 27604 | Orc:2    | Found Udisoh Tamn's Book Emporium.
 27629 | Orc:2    | Noticed an orc warlord
 27685 | Orc:2    | Killed an orc warlord
 27685 | Orc:2    | Reached skill level 10 in Invocations
 27685 | Orc:2    | Reached XP level 15. HP: 65/135 MP: 21/21
 27952 | Orc:2    | Found a staircase to the Elven Halls.
 31473 | D:14     | Found a gate to the Vaults.
 31829 | D:15     | Entered Level 15 of the Dungeon
 31865 | D:15     | Noticed Sonja
 31878 | D:15     | Killed Sonja
 32106 | D:15     | Found Vamior's General Store.
 32115 | D:15     | Bought an uncursed ring of poison resistance for 340 gold pieces
 32839 | D:15     | Reached skill level 18 in Long Blades
 32882 | D:15     | Found a staircase to the Depths.
 33071 | D:15     | Noticed Kirke
 33082 | D:15     | Noticed a sphinx
 33128 | D:15     | Killed Kirke
 34112 | Spider:1 | Entered Level 1 of the Spider Nest
 34513 | Spider:1 | Reached XP level 16. HP: 131/146 MP: 23/23
 38428 | Spider:4 | Entered Level 4 of the Spider Nest
 38438 | Spider:4 | Reached skill level 19 in Long Blades
 39373 | Spider:4 | Paralysed by a hornet for 1 turns
 39849 | Spider:4 | HP: 6/147 [something (6)]
 39850 | Spider:4 | HP: 2/147 [poisoned by a ghost moth]
 40869 | Spider:4 | Reached XP level 17. HP: 133/154 MP: 24/24
 41317 | Spider:4 | Got a gossamer rune of Zot
 41484 | Swamp:1  | Entered Level 1 of the Swamp
 42087 | Swamp:1  | Reached skill level 15 in Fighting
 42784 | Swamp:2  | Found a transporter.
 42853 | Swamp:2  | Found a transporter.
 42853 | Swamp:2  | Noticed kae's ghost (adept MiFi)
 43581 | Swamp:3  | Noticed a tentacled monstrosity
 43610 | Swamp:3  | HP: 2/156 [tentacled monstrosity (9)]
 43610 | Swamp:3  | Mangled by a tentacled monstrosity

Vault maps used:
D:1:      dpeg_arrival_boxes_within_box
D:2:      lemuel_doored_altar
D:3:      yredelemnul_forgotten_temple_becter, minitemple,
          gammafunk_ghost_necromancy
D:4:      first_ration
D:5:      nicolae_overflow_hidden_temple, fedhas_altar_2,
          minmay_temple_entry_nine_rooms, cheibrodos_sewer_entry_bend,
          uniq_menkaure, uniq_prince_ribbit1
D:6:      nicolae_whirlpool, old_standard_altar, serial_bayou,
          serial_bayou_crossing, serial_bayou_pond_c, serial_bayou_lagoon_a,
          serial_bayou_ford_a
D:7:      serial_shops, kennysheep_little_box
D:8:      enter_bailey_2
D:9:      led_sif_book, vehumet_altar_wand_db, uniq_erica, uniq_gastronok
D:10:     david_orc_1_choice, serial_column_ruins, column_ruins_hut,
          column_ruins_open_small, column_ruins_open_large, column_ruins_grid_3,
          serial_shops, nicolae_shop_waterfront, the_bakery
D:11:     minmay_lair_entry_grove
D:13:     spider_trap, minmay_misc_feat_chi
D:14:     hangedman_vaults_entry_quadrant_bands, minmay_misc_feat_four_crosses
D:15:     grunt_enter_depths_hoard, serial_shops, nicolae_shop_stone,
          uniq_kirke, uniq_sonja
Temple:   dshaligram_water_room_temple
Lair:1:   serial_bayou_pond_b
Lair:2:   lab_entry_generic
Lair:3:   spider_nest_entry_web_field, uniq_nergalle
Lair:4:   beast_lair_carwin_large_1, minmay_swamp_entry_worms
Lair:5:   special_room, lemuel_fruit_fields, minmay_lair_oklob_chamber
Lair:6:   hangedman_lair_in_review, guppyfry_lair_end_dragon,
          dpeg_slime_entry_corner, portal_ice_cave_entry_pillars_1,
          kennysheep_rathole
Swamp:1:  evilmike_swamp_ruin_house_1, st_swamp_ruins_2
Swamp:2:  gammafunk_ghost_mausoleum, hangedman_swamp_pad
Swamp:3:  cheibrodos_swamp_monstrosity, evilmike_swamp_ruin_house_3,
          infiniplex_staircase_pool_2
Spider:3: spider_trap
Spider:4: guppyfry_spider_rune
Orc:1:    library_closet
Orc:2:    grunt_orc_cross, uniq_snorg, uniq_saint_roka, uniq_josephine

Skill      XL: |  1  2  3  4  5  6  7  8  9 10 11 12 13 14 15 16 17 |
---------------+----------------------------------------------------+-----
Long Blades    | 3 4 5 6 7 9 10 12 13 14 16 17 18 19 | 19.8
Dodging        | 1 2 3 4 5 6 7 8 9 10 11 12 13 | 13.6
Armour         | 4 5 6 7 8 9 10 11 12 13 14 | 14.9
Fighting       | 4 5 6 7 8 9 10 11 12 13 14 15 | 15.1
Invocations    | 1 3 5 6 7 8 10 11 12 | 12.0
Evocations     | 2 4 5 7 8 9 |  9.6
Shields        | |  3.6

Action                   |  1- 3 |  4- 6 |  7- 9 | 10-12 | 13-15 | 16-18 || total
-------------------------+-------+-------+-------+-------+-------+-------++-------
Melee: Long sword        |    94 |   184 |   343 |   807 |   962 |   914 ||  3304
       Headbutt          |     7 |    29 |    75 |   214 |   462 |   222 ||  1009
       Scimitar          |       |       |       |       |   778 |   161 ||   939
       Unarmed           |       |       |       |       |     6 |       ||     6
Invok: Lesser Servant of |       |       |       |     3 |    28 |    17 ||    48
       Minor Destruction |       |       |       |     6 |       |       ||     6
       Greater Servant o |       |       |       |       |     1 |       ||     1
Evoke: Wand              |       |       |     2 |     9 |     5 |     9 ||    25
  Use: Scroll            |       |    12 |     6 |     8 |    14 |    11 ||    51
       Potion            |       |     1 |       |     6 |    14 |     2 ||    23
 Stab: Distracted        |       |       |       |       |     9 |     4 ||    13
       Invisible         |       |       |       |       |     6 |       ||     6
       Petrifying        |       |       |       |       |     1 |       ||     1
       Petrified         |       |       |       |       |     1 |       ||     1
       Confused          |       |       |       |       |       |     1 ||     1
  Eat: Chunk             |       |     7 |    10 |    18 |    47 |    11 ||    93
       Ration            |       |       |     3 |     5 |     3 |     5 ||    16
Armor: Scale mail        |    56 |    67 |   105 |   178 |   380 |   119 ||   905
       Ice dragon scales |       |       |       |       |       |   603 ||   603
Dodge: Dodged            |    46 |    53 |   130 |   290 |   870 |   633 ||  2022
Block: Shield            |    60 |    71 |   152 |   331 |   708 |   580 ||  1902
       Rpst.: Long sword |    13 |    14 |    29 |    59 |   129 |    93 ||   337
       Scimitar          |       |       |       |       |    93 |    17 ||   110

Table legend:
 A = Spawn XP
 B = Non-spawn XP
 C = Spawn XP percentage of total XP
 D = Spawn monster count
 E = Non-spawn monster count
 F = Spawn count percentage of total count
 G = Total turns spent on level
                    A         B        C        D         E        F      G
               +---------+---------+-------+---------+---------+-------+---------
         Total |       0 |  247303 |   0.0 |       0 |    1089 |   0.0 | 43610
               +---------+---------+-------+---------+---------+-------+---------
           D:1 |       0 |      42 |   0.0 |       0 |      17 |   0.0 |   872
           D:2 |       0 |      93 |   0.0 |       0 |      32 |   0.0 |   725
           D:3 |       0 |     123 |   0.0 |       0 |      28 |   0.0 |   590
           D:4 |       0 |     371 |   0.0 |       0 |      26 |   0.0 |   980
           D:5 |       0 |     853 |   0.0 |       0 |      13 |   0.0 |   720
           D:6 |       0 |    1510 |   0.0 |       0 |      30 |   0.0 |  3000
           D:7 |       0 |     270 |   0.0 |       0 |       8 |   0.0 |   687
           D:8 |       0 |    1661 |   0.0 |       0 |      34 |   0.0 |  1574
           D:9 |       0 |    7333 |   0.0 |       0 |      35 |   0.0 |  1982
          D:10 |       0 |    4732 |   0.0 |       0 |      46 |   0.0 |  1670
          D:11 |       0 |    7729 |   0.0 |       0 |      53 |   0.0 |  1104
          D:12 |       0 |    3870 |   0.0 |       0 |      30 |   0.0 |  1063
          D:13 |       0 |    9326 |   0.0 |       0 |      47 |   0.0 |  1639
          D:14 |       0 |   16534 |   0.0 |       0 |      63 |   0.0 |  1608
          D:15 |       0 |   18170 |   0.0 |       0 |      43 |   0.0 |  2161
        Lair:1 |       0 |    2008 |   0.0 |       0 |      14 |   0.0 |  1251
        Lair:2 |       0 |    3071 |   0.0 |       0 |      11 |   0.0 |  1094
        Lair:3 |       0 |    4413 |   0.0 |       0 |      13 |   0.0 |  1304
        Lair:4 |       0 |   16111 |   0.0 |       0 |      51 |   0.0 |  1943
        Lair:5 |       0 |   16665 |   0.0 |       0 |      64 |   0.0 |  2319
        Lair:6 |       0 |   18886 |   0.0 |       0 |      65 |   0.0 |  2394
       Swamp:1 |       0 |   14822 |   0.0 |       0 |      40 |   0.0 |   876
       Swamp:2 |       0 |    7984 |   0.0 |       0 |      21 |   0.0 |   821
       Swamp:3 |       0 |    3217 |   0.0 |       0 |       7 |   0.0 |   198
      Spider:1 |       0 |   19447 |   0.0 |       0 |      49 |   0.0 |  2164
      Spider:2 |       0 |   17617 |   0.0 |       0 |      56 |   0.0 |  1476
      Spider:3 |       0 |    5241 |   0.0 |       0 |      18 |   0.0 |   952
      Spider:4 |       0 |   29567 |   0.0 |       0 |      62 |   0.0 |  2738
         Orc:1 |       0 |    5964 |   0.0 |       0 |      40 |   0.0 |  1848
         Orc:2 |       0 |    9673 |   0.0 |       0 |      73 |   0.0 |  1651
               +---------+---------+-------+---------+---------+-------+---------
